 Dungeon Crawl Stone Soup version 0.29.1-1-gd02db6906a (webtiles) character file.

Game seed: 4263785311578422717

747 Glamhuggeren the Trooper (level 7, 0/59 HPs)
             Began as a Demonspawn Gladiator on Oct 6, 2022.
             Succumbed to a scorpion's poison
             ... on level 6 of the Dungeon.
             The game lasted 00:09:13 (3369 turns).

Glamhuggeren the Trooper (Demonspawn Gladiator)     Turns: 3369, Time: 00:09:14

Health: 0/59       AC:  9    Str: 23    XL:     7   Next: 48%
Magic:  7/7        EV: 11    Int: 15    God:
Gold:   219        SH:  0    Dex: 14    Spells: 6/6 levels left

rFire   . . .      SeeInvis .   a - +0 war axe
rCold   + . .      Faith    .   (no shield)
rNeg    . . .      Spirit   .   m - +2 scale mail {rC+}
rPois   .          Reflect  .   c - +0 helmet
rElec   .          Harm     .   (no cloak)
rCorr   .          Rampage  .   (no gloves)
Will    .....      Rage     3%  (no boots)
Stlth   ..........              (no amulet)
HPRegen 0.19/turn               j - +6 ring of intelligence
MPRegen 0.10/turn               l - +6 ring of strength

@: brilliant, lethally poisoned (0 -> -7)
A: powered by pain 1, spiny 1, berserk 1, deterioration 1
a: no special abilities


You were on level 6 of the Dungeon.
You visited 1 branch of the dungeon, and saw 5 of its levels.

You collected 219 gold pieces.

Inventory:

Hand Weapons
 a - a +0 war axe (weapon)
Missiles
 d - 3 throwing nets (quivered)
 e - a javelin
 g - 41 stones
 v - a boomerang
Armour
 b - a +0 leather armour
 c - a +0 helmet (worn)
 k - a +0 plate armour
 m - a +2 scale mail of cold resistance (worn)
Jewellery
 j - a +6 ring of intelligence (left hand)
 l - a +6 ring of strength (right hand)
 q - a ring of positive energy
Wands
 x - a wand of paralysis (5)
Scrolls
 n - 3 scrolls of identify {unknown}
 s - 3 scrolls of teleportation {unknown}
 t - a scroll of magic mapping {unknown}
 u - a scroll of summoning {unknown}
 w - a scroll of amnesia {unknown}
 y - a scroll of noise {unknown}
Potions
 f - 2 potions of might
 h - a potion of mutation
 p - a potion of magic {unknown}
 r - a potion of haste {unknown}


   Skills:
 * Level 6.9 Fighting
 + Level 5.0 Axes
 - Level 2.0 Throwing
 - Level 3.0 Dodging


You had 6 spell levels left.
You didn't know any spells.
Your spell library contained the following spells:

 Spells                   Type           Power      Damage    Failure   Level
 Necrotise                Necr           0%         1d4       58%         1
 Call Canine Familiar     Summ           0%         N/A       91%         3
 Portal Projectile        Hex/Tloc       0%         N/A       91%         3
 Vampiric Draining        Necr           0%         2d6       91%         3
 Leda's Liquefaction      Hex/Erth       0%         N/A       100%        4
 Agony                    Necr           0%         N/A       100%        5


Dungeon Overview and Level Annotations

Branches:
Dungeon (4/15)
 Temple: D:4-7

Altars:

Shops:
D:1 (   D:3 :

Annotations:
D:3 Sigmund


Innate Abilities, Weirdness & Mutations

You sometimes gain a little power by taking damage.
You are partially covered in sharp spines.
You sometimes lose your temper in combat.
Your body sometimes deteriorates upon taking damage.


Message History

You kill the bullfrog!
You hit the scorpion. The scorpion stings you.
You are poisoned.
The scorpion poisons you! The scorpion is struck by your spines.
The scorpion closely misses you.
You are too injured to fight recklessly!
You are too injured to fight recklessly!
You are too injured to fight recklessly!
You are too injured to fight recklessly!
You hit the scorpion.
The scorpion is severely wounded.
You feel very sick. The scorpion stings you.
You are lethally poisoned!
The scorpion poisons you!
You hit the scorpion but do no damage.
The scorpion is severely wounded.
* * * LOW HITPOINT WARNING * * *
You feel very sick.
The scorpion stings you but does no damage.
The scorpion stings you.
* * * LOW HITPOINT WARNING * * *
You barely miss the scorpion.
The scorpion is severely wounded.
* * * LOW HITPOINT WARNING * * *
You feel very sick. The scorpion closely misses you.
It was a potion of mutation.
You feel extremely strange.
You feel yourself wasting away.
You feel a little pissed off.
* * * LOW HITPOINT WARNING * * *
You feel sick. The scorpion is struck by your spines. The scorpion misses you.
The scorpion stings you but does no damage.
It was a potion of cancellation.
You feel magically purged.
* * * LOW HITPOINT WARNING * * *
You feel sick. The scorpion is struck by your spines.
You kill the scorpion!
Your Axes skill increases to level 5!
It was a potion of brilliance.
You feel clever all of a sudden.
You die...

#....####.##..#
#..#..#.#.#....
#####.......... ### ###
#.##.#.....
#.###.###)...#.....
###..#..##.....#.##..
##.###.)..)..)....##......
.......).....)............
.....#...@†..#...........#
.... ##...†..##...........
.. ###.....##....######
#...#..####..# ##
.<..##...# ...# #.
.....#..## ... .. ...# .
.. ..... .. .. ..


There were no monsters in sight!

Vanquished Creatures
  An ice beast (D:6)
  An ogre (D:6)
  A kobold brigand (D:6)
  A bullfrog (D:6)
  A scorpion (D:6)
  2 necrophages (D:6)
  2 hounds (D:6)
  An orc wizard (D:3)
  4 gnolls (D:6)
  3 adders (D:3)
  A shadow imp (D:6)
  A white imp (D:6)
  4 worms
  6 orcs
  4 bats
  3 endoplasms
  3 giant cockroaches
  6 goblins
  5 hobgoblins
  7 jackals
  2 quokkas (D:3)
  5 ball pythons
  3 frilled lizards
  10 kobolds
  8 rats
85 creatures vanquished.

Notes
Turn   | Place    | Note
-------+----------+-------------------------------------------
     0 | D:1      | Glamhuggeren the Demonspawn Gladiator began the quest for
                  | the Orb.
     0 | D:1      | Reached XP level 1. HP: 16/16 MP: 1/1
   368 | D:1      | Gained mutation: You are partially covered in sharp spines.
                  | [demonic ancestry]
   368 | D:1      | Reached XP level 2. HP: 18/23 MP: 2/2
   586 | D:1      | Found a faded altar of an unknown god.
  1184 | D:1      | Found Yfoschiz's Antique Weapon Shop.
  1436 | D:2      | Reached XP level 3. HP: 28/28 MP: 3/3
  1450 | D:2      | Reached skill level 3 in Fighting
  2168 | D:3      | Gained mutation: You sometimes gain a little power by
                  | taking damage. [demonic ancestry]
  2168 | D:3      | Reached XP level 4. HP: 21/37 MP: 4/4
  2419 | D:3      | Reached skill level 4 in Fighting
  2487 | D:3      | Found Niesytebb's Book Shop.
  2684 | D:3      | Noticed Sigmund
  2719 | D:4      | You fall into a shaft and drop 2 floors!
  2732 | D:6      | Noticed an ice beast
  2740 | D:6      | Noticed an ogre
  2747 | D:6      | Reached XP level 5. HP: 29/43 MP: 5/5
  2750 | D:6      | Killed an ogre
  2750 | D:6      | Killed an ice beast
  2751 | D:6      | Reached skill level 5 in Fighting
  2751 | D:6      | Reached XP level 6. HP: 27/51 MP: 6/6
  3189 | D:6      | Reached skill level 6 in Fighting
  3327 | D:6      | Reached XP level 7. HP: 46/59 MP: 7/7
  3367 | D:6      | Gained mutation: Your body sometimes deteriorates upon
                  | taking damage. [potion of mutation]
  3367 | D:6      | Gained mutation: You sometimes lose your temper in combat.
                  | [potion of mutation]
  3368 | D:6      | HP: 2/59 [poisoned by a scorpion]
  3369 | D:6      | Reached skill level 5 in Axes
  3369 | D:6      | Succumbed to a scorpion's poison

Illustrated notes

Levels and vault maps discovered:
D:1:      heliophobic_arrival_ceremonial_halls, layout_basic, serial_forest,
          infiniplex_forest_clump_small, infiniplex_forest_clump_small,
          infiniplex_forest_straight_1, infiniplex_forest_straight_2,
          infiniplex_forest_clump_tiny, infiniplex_forest_end_1,
          hellmonk_ecumenical_altar_blasted, serial_shops, nicolae_square_shop,
          roderic_roman_lattice
D:2:      layout_loops_cross
D:3:      layout_loops_ring, serial_shops, shop, minmay_box_of_dots,
          uniq_sigmund
D:4:      layout_loops_corners, minitemple, gup_sewer_entry_pipe,
          nicolae_shop_firing_range, uniq_robin
D:6:      layout_cave_pools

Skill      XL: |  1  2  3  4  5  6  7 |
---------------+----------------------+-----
Throwing       | 2 |  2.0
Axes           | 3 4 5 |  5.0
Dodging        | 3 |  3.0
Fighting       | 3 4 5 6 |  6.9

Action                   |  1- 3 |  4- 6 |  7- 9 || total
-------------------------+-------+-------+-------++-------
Melee: War axe           |    94 |    82 |    16 ||   192
       Punch             |     1 |     1 |       ||     2
Throw: Throwing net      |       |       |     1 ||     1
  Use: Potion            |       |     1 |     3 ||     4
 Stab: Held in net/web   |       |       |     1 ||     1
Armor: Leather armour    |    15 |       |       ||    15
       Scale mail        |    16 |    39 |    10 ||    65
Dodge: Dodged            |    50 |    63 |    10 ||   123
